Cogmind - Beta 16 @@@ ROGUE MODE // 2025.11.25 @ 14:49:49 Player: ClassActJerk Result: Destroyed by OB-SZV(R) with Subdweller Shrapnel Launcher Performance ------------- Evolutions (0) 0 Regions Visited (2) 400 Robots Destroyed (17) 85 Value Destroyed (287) 287 Prototype IDs (0) 0 Alien Tech Used (0) 0 Bonus (0) 0 TOTAL SCORE: 772 Bonus ------- None Cogmind --------- Core Integrity 0/250 Matter 300/300 Energy 100/100 System Corruption 0% Temperature Cool (0) Movement Flying (117) Ox1 Location -10/Subcaves Parts ------- > --- POWER (1) -------- (None) > --- PROPULSION (2) --- Flight Unit Flight Unit > --- UTILITY (2) ------ Small Storage Unit Improved Terrain Scanner > --- WEAPON (2) ------- Assault Rifle Assault Rifle > --- INVENTORY (8) ---- Flight Unit Flight Unit Small Laser Light Assault Rifle Subdweller Shrapnel Launcher Peak State ------------ > --- POWER ------------ Light Ion Engine > --- PROPULSION ------- Light Treads Light Treads > --- UTILITY ---------- Small Storage Unit Improved Terrain Scanner > --- WEAPON ----------- Assault Rifle Mining Laser > --- INVENTORY -------- Small Laser Assault Rifle Assault Rifle [Rating: 9] Favorites ----------- Power Light Ion Engine Engine Light Ion Engine Propulsion Flight Unit Treads Light Treads Flight Unit Flight Unit Utility Small Storage Unit Device Improved Terrain Scanner Storage Small Storage Unit Weapon Assault Rifle Ballistic Gun Assault Rifle Special Weapon Mining Laser Build | -11 -10 -10 ------- Run | Yrd Mat Sub Slots Evolved . | . . . Power . | . . . Propulsion . | . . . Utility . | . . . Weapon . | . . . Parts Attached 12 | 6 6 . Power 2 | 1 1 . Engine 2 | 1 1 . Core . | . . . Reactor . | . . . Propulsion 4 | 2 2 . Treads 2 | 2 . . Leg . | . . . Wheel . | . . . Hover . | . . . Flight 2 | . 2 . Utility 2 | 1 1 . Device 1 | . 1 . Storage 1 | 1 . . Processor . | . . . Hackware . | . . . Protection . | . . . Artifact . | . . . Weapon 4 | 2 2 . Energy Gun . | . . . Energy Cannon . | . . . Ballistic Gun 3 | 2 1 . Ballistic Cannon . | . . . Launcher . | . . . Special Weapon 1 | . 1 . Impact Weapon . | . . . Slashing Weapon . | . . . Piercing Weapon . | . . . Special Melee Weapon . | . . . Unidentified Prototypes . | . . . Parts Lost 3 | . 2 1 Power 1 | . . 1 Propulsion 1 | . 1 . Utility . | . . . Weapon 1 | . 1 . Highest Loss Streak 2 | . 2 1 To Critical Strikes . | . . . Average Backups 3 | 1 2 4 Power . | . . . Propulsion 1 | . . 2 Utility . | . . . Weapon 2 | 1 1 2 Tool/Special . | . . . Unused Backups 4 | . . 4 Power . | . . . Propulsion 2 | . . 2 Utility . | . . . Weapon 2 | . . 2 Tool/Special . | . . . Average Slot Usage (%) 93 | . 88 99 Engine 13 | . 14 13 Treads 12 | . 22 . Flight 15 | . 4 28 Device 8 | . 3 14 Storage 14 | . 14 14 Ballistic Gun 27 | . 26 28 Peak Build Rating 9 | 6 9 9 Average Rating 7 | 3 6 8 On Entrance 5 | . 6 9 Avg Prop Armor Cover (%) . | . . . Naked Turns . | . . . Heaviest Build 13 | 12 13 13 Greatest Support 40 | 40 40 8 Greatest Overweight (x) 1 | 1 1 1 Average Overweight (x) . | . . 1 Largest Inventory Capacity 8 | 8 8 8 Average Capacity 7 | 6 8 8 Most Carried 6 | 5 6 5 Average Carried 3 | 2 2 4 Final Capacity 8 | 8 8 8 Final Carried 5 | 1 5 5 Class Distribution -------------------- 51% | Scavenger-Mutant 48% | Mutant Dominant Class ---------------- Mutant | -10/Materials Scavenger-Mutant | -10/Subcaves Resources | -11 -10 -10 ----------- Run | Yrd Mat Sub Matter Collected 510 | 178 227 105 Remotely . | . . . Salvage Created 387 | . 253 134 Parts 32 | . 21 11 Haulers Intercepted . | . . . Recyclers Shooed 1 | . 1 . Parts Field Recycled . | . . . Retrieved Matter . | . . . Parts Self-Destructed 8 | . . 8 Prevented . | . . . Parts Restored . | . . . Kills | -11 -10 -10 ------- Run | Yrd Mat Sub Combat Hostiles Destroyed 15 | . 12 3 Guns 15 | . 12 3 Classes Destroyed 6 | . 4 2 Worker 1 | . 1 . Tunneler 1 | . 1 . Swarmer 11 | . 11 . Grunt 1 | . 1 . Sentry 1 | . . 1 Subdweller 2 | . . 2 Best Kill Streak 4 | . 4 1 Combat Bots Only 4 | . 4 1 Max Kills in Single Turn 2 | . 2 1 Gunslinging 1 | . 1 . Exploded . | . . . Melee . | . . . Uniques/NPCs Destroyed . | . . . Combat | -11 -10 -10 -------- Run | Yrd Mat Sub Hostile Shots Fired 108 | . 91 17 Missed 27 | . 23 4 Hits 81 | . 68 13 Projectile 81 | . 68 13 AOE 2 | . 1 1 Critical Strikes 1 | . 1 . Damage Taken 924 | . 622 302 Core 257 | . 134 123 Absorbed by Shields . | . . . Core Remaining (%) 100 | 100 . . Volleys Fired 38 | . 27 11 Largest 2 | . 2 2 Hottest 120 | . 120 40 Shots Fired 69 | . 47 22 Gun 65 | . 43 22 Cannon . | . . . Launcher . | . . . Special 4 | . 4 . Kinetic 65 | . 43 22 Thermal 4 | . 4 . Explosive . | . . . Electromagnetic . | . . . Robot Hit Streak 16 | . 9 16 Robot Miss Streak 2 | . 2 1 Penetration Max . | . . . Secondary Targets 1 | . 1 . Max Gunslinging Chain 1 | . 1 . Shots Hit Robots 44 | . 29 15 Core Hits 23 | . 16 7 Critical Kills 1 | . 1 . Critical Parts Destroyed . | . . . Critical Strikes 1 | . 1 . Destroy 1 | . 1 . Melee Attacks . | . . . Impact . | . . . Slashing . | . . . Piercing . | . . . Sneak Attacks . | . . . Combat Hostiles . | . . . Follow-up Attacks . | . . . Damage Inflicted 643 | . 425 218 Guns 595 | . 377 218 Cannons . | . . . Explosions . | . . . Melee . | . . . Ramming . | . . . Kinetic 595 | . 377 218 Thermal 48 | . 48 . Explosive . | . . . Electromagnetic . | . . . Impact . | . . . Slashing . | . . . Piercing . | . . . Highest Corruption . | . . . Average Corruption . | . . . Corruption Purged . | . . . Corruption Blocked . | . . . Overload Shots . | . . . Overflow Damage 4 | . 4 . Projectiles 4 | . 4 . Explosions . | . . . Melee . | . . . Knockbacks . | . . . Impact . | . . . Kinetic . | . . . Secondary . | . . . Self-Inflicted Damage . | . . . Shots . | . . . Rammed . | . . . Targets Rammed . | . . . Kicked . | . . . Crushed . | . . . Highest Temperature 64 | . 64 . Average Temperature 26 | . 26 . Received Heat Transfer 114 | . 42 72 Siege Activations . | . . . Martial Activations . | . . . Shielding Activations . | . . . Robots Disrupted . | . . . Combat Hostiles . | . . . Robots Corrupted . | . . . Combat Hostiles . | . . . Parts Fried . | . . . Impact Corruptions . | . . . Robots Melted . | . . . Combat Hostiles . | . . . Parts Melted . | . . . Heat Transferred 100 | . 100 . Parts Sabotaged . | . . . Parts Stolen . | . . . Parts Stripped . | . . . Power Chain Reactions . | . . . Alert | -11 -10 -10 ------- Run | Yrd Mat Sub Maximum Alert Level . | . . . Low Security (%) 100 | 100 100 . Level 1 . | . . . Level 2 . | . . . Level 3 . | . . . Level 4 . | . . . Level 5 . | . . . High Security . | . . . Max Security . | . . . Peak Influence 193 | . 193 . Initial . | . . . Average 76 | . 84 . Influence Increases 407 | . 387 20 Destroy 0b10 Robot/C 260 | . 240 20 Destroy 0b10 Robot/NC 10 | . 10 . Destroy Leader 30 | . 30 . Disable Machine 15 | . 15 . Destroy Structure 2 | . 2 . Lose Combat Pursuer 90 | . 90 . Influence Decreases 407 | . 242 165 Entered New Map 70 | . . 70 Time Decay 317 | . 222 95 Lost Part 20 | . 20 . Squads Dispatched . | . . . Investigation . | . . . Extermination . | . . . Reinforcement . | . . . Assault . | . . . Garrison . | . . . Intercept . | . . . Searches Triggered . | . . . Construction Impeded . | . . . Haulers Reinforced . | . . . Active Scanning Responses . | . . . Cargo Convoy Interrupts . | . . . Stealth | -11 -10 -10 --------- Run | Yrd Mat Sub Distress Signals 2 | . 2 . Communications Jammed . | . . . Distress Signals . | . . . Times Spotted 25 | . 21 4 Peak Tracking Total 6 | . 6 2 Tactical Retreats 4 | . 4 . Traps | -11 -10 -10 ------- Run | Yrd Mat Sub Traps Triggered 1 | . . 1 Indirectly . | . . . Trap Hack Attempts . | . . . Triggered . | . . . Disarmed . | . . . Reprogrammed . | . . . Reused . | . . . Traps Extracted . | . . . Installed . | . . . Triggered . | . . . Machines | -11 -10 -10 ---------- Run | Yrd Mat Sub Machines Disabled 1 | . 1 . Max in Single Turn 1 | . 1 . Machines Repaired . | . . . Machines Dismantled . | . . . Machines Sabotaged . | . . . Overloaded Fab Kills . | . . . Hacking | -11 -10 -10 --------- Run | Yrd Mat Sub Machines Accessed . | . . . Terminals . | . . . Fabricators . | . . . Repair Stations . | . . . Recycling Units . | . . . Scanalyzers . | . . . Garrison Access . | . . . Total Hacks . | . . . Successful . | . . . Failed . | . . . Catastrophic . | . . . Database Lockouts . | . . . Manual . | . . . Terminals . | . . . Fabricators . | . . . Repair Stations . | . . . Recycling Units . | . . . Scanalyzers . | . . . Garrison Access . | . . . Terminal Hacks . | . . . Fabricator Hacks . | . . . Repair Station Hacks . | . . . Recycling Unit Hacks . | . . . Scanalyzer . | . . . Garrison Access Hacks . | . . . Unauthorized Hacks . | . . . Terminals . | . . . Fabricators . | . . . Repair Stations . | . . . Recycling Units . | . . . Scanalyzers . | . . . Garrison Access . | . . . Data Cores Recovered . | . . . Used . | . . . Hacking Detections . | . . . Full Trace Events . | . . . Feedback Events . | . . . Feedback Blocked . | . . . Robot Schematics Acquired . | . . . Robots Built . | . . . Authchips . | . . . Time . | . . . Total Robot Build Rating . | . . . Part Schematics Acquired . | . . . Parts Built . | . . . Authchips . | . . . Time . | . . . Total Part Build Rating . | . . . Part Studies Acquired . | . . . Parts Repaired . | . . . Time . | . . . Parts Recycled . | . . . Recycled Matter . | . . . Retrieved Matter . | . . . Retrieved Components . | . . . Parts Scanalyzed . | . . . Part Schematics Acquired . | . . . Parts Damaged . | . . . Bothacking | -11 -10 -10 ------------ Run | Yrd Mat Sub Used RIF Installer . | . . . Robots Hacked . | . . . Non-combat . | . . . Combat . | . . . Robot Hacks Applied . | . . . Relay Couplers Released . | . . . Fabnet Peak Effective % . | . . . Robots Rewired . | . . . Allies Hacked . | . . . Hacks Repelled . | . . . Allies | -11 -10 -10 -------- Run | Yrd Mat Sub Total Allies . | . . . Largest Group . | . . . Highest-Rated Group . | . . . Highest-Rated Ally . | . . . Total Orders . | . . . Ally Attacks . | . . . Total Damage . | . . . Kills . | . . . Allies Corrupted . | . . . Allies Melted . | . . . Intel | -11 -10 -10 ------- Run | Yrd Mat Sub Active Infowar (turns) 643 | . 156 487 Terrain 643 | . 156 487 Robot Analysis Total . | . . . Derelict Logs Recovered . | . . . Drone Launches . | . . . Drone Recoveries . | . . . Exploration | -11 -10 -10 ------------- Run | Yrd Mat Sub Turns Passed 1105 | 57 561 487 Spaces Moved 585 | 43 167 375 Core 27 | 27 . . Treads 128 | 16 112 . Legs . | . . . Wheels . | . . . Hover . | . . . Flight 430 | . 55 375 Fastest Speed 50 | 50 117 117 Average Speed 123 | 94 145 117 Slowest Speed 160 | 160 160 117 Overloaded Moves . | . . . Propulsion Burnouts . | . . . Robots Hopped . | . . . Potential Cave-ins . | . . . Cave-ins Triggered . | . . . Exploration Rate (%) 21 | 4 31 30 Regions Visited 2 Branch Regions 1 Pre-discovered Areas . | . . . Known Exits Taken . | . . . Unknown Exits Taken 2 | 1 1 . Scrap Searched 3 | . . 3 Spaces Dug 1 | . 1 . Terrain Destroyed 1 | . 1 . Melee . | . . . Projectile 1 | . 1 . AOE . | . . . Terrain Rammed . | . . . Walls Destroyed . | . . . Machines Disabled . | . . . Actions | -11 -10 -10 --------- Run | Yrd Mat Sub Total 888 | 59 430 399 Wait 236 | 6 220 10 Move 583 | 42 166 375 Hop . | . . . Pick Up 15 | 5 9 1 Fast Attach 2 | 2 . . Attach 9 | 4 5 . Detach . | . . . Swap 2 | . 1 1 Drop 3 | . 2 1 Fire 38 | . 27 11 Melee . | . . . Ram . | . . . Kick . | . . . Crush . | . . . Escape Stasis . | . . . Rewire . | . . . Trap . | . . . Miscellaneous . | . . . Route ------- -11/Scrapyard -10/Materials (discovered 2 exits: [*Mat] / [*Sub]) -10/Subcaves History --------- Turn | Location | Event 4 | -11/Scrapyard | Discovered new exit (range 16) 58 | -11/Scrapyard | Entered Materials 306 | -10/Materials | Build established: Mutant 508 | -10/Materials | Core integrity fell below 50% 520 | -10/Materials | Discovered new exit (range 9) 547 | -10/Materials | Discovered new exit (range 8) 619 | -10/Materials | Entered Subcaves 796 | -10/Subcaves | A swath of the cavern ceiling suddenly collapsed 819 | -10/Subcaves | Build established: Scavenger-Mutant 1091 | -10/Subcaves | Core integrity fell below 20% 1092 | -10/Subcaves | Disturbed a concealed Subdweller 1106 | -10/Subcaves | Destroyed by OB-SZV(R) with Subdweller Shrapnel Launcher Last Messages --------------- 00921_ Spikes shoot up from the floor. 00921_ Critical hit (Impale). 00936_ Dropped Assault Rifle. 01076_ Searching scrap... 01076_ Found Sub. Beam Cannon. 01076_ Found Mak. Thermal Plating. 01076_ Found 46 Matter. 01077_ Acquired 10 matter. 01077_ Searching scrap... 01077_ Found Mak. Laser. 01077_ Found 30 Matter. 01080_ Searching scrap... 01080_ Found Sub. Shrapnel Launcher. 01080_ Found 68 Matter. 01083_ Acquired Sub. Shrapnel Launcher. 01088_ Lgt. Ion Engine destroyed. 01092_ OB-SZV(R) angrily emerges from the Twisted Machinery. 01097_ NT-WI1(R) destroyed. 01100_ Acquired 19 matter. Map ----- +----------------------------------------------------+ | ???????????#??# #?????### | | ??????????#???## ##???? #?? | | ???????????????## ##????? ##? | | ????????????????## #?????? #? | | ??????#??????#???# ##???? #? | | ????????????????## ##??? #? | | ???????????????## #??# #? | | ????????#????#?# ##??? ## | | ???????????????## #???? # | | ????????????????## #???? # | | ?????????????????## ##??# # | | ??????????#???????### #### | | ????????????????????# | | ????????????????????#### | | ?????##????????????????# ## | | ???????????????????????# #? | | ?????????#???????####??# #? | | ????????????????## ##### ##? | | ??????????###???# #### ##? | | ?????????## $#???# ## ## | | ?????????#" ??## # | | ?#???????# ??# ###### | | ?????????? ###" # ###????# | | ##????? ?? # #"" # ##??????? | | #?????##### # ##??????? | | ????###@$;# # #??#???? | | ????# < ;; # #" ##?????? | | ????#<< % ## ## #?????# | | ??#?#< = [!^ # ##????" | | ?#??#<&R [[ "## #???"" | | ????#< !#%! "## ####"" | | ????#$ <<#%] <### "" | | ????##$<<###<<### "" | | ?????#####?#### # #"" | | ?????????????### ## ##### ##? | | ????????????#??###?####??# ?? | | ???????????????????????#?# ? | | ??????????????#??????????## | | #?????????????#??????#????## | | ???????????#????????????????# | | ?????????????????????????????# | | ??????????????????????????????## | | ???????????????????????????????? | | ?????????????????#?????????????? | | ???????????????????????????????? | | ???????????????????????????????? | | ???????????????????????????????? | | ???????????????????????????????? | | ???????????????????????????????? | | ???????????????????????????????? | +----------------------------------------------------+ Best States ------------- Heat Dissipation 25 Energy Generation 10 Energy Capacity 125 Matter Stores 300 Matter Capacity 300 Sight Range 16 Terrain Scan Range 16 Terrain Scan Density 10 Evasion (%) 50 Recoil Reduction 2 Item Schematics ----------------- None Robot Schematics ------------------ None Fabricated ------------ Nothing Repaired ---------- Nothing Studied --------- None Alien Tech Used ----------------- None Achievements -------------- None Challenges ------------ None Game ------ Seed AblativeActiveDeconstructor Manual? 0 Play Time 00:09:27 Cumulative 36.8 hours Start 2025.11.25 @ 14:43:14 End 2025.11.25 @ 14:49:49 Sessions 1 Manual Loads 0 Difficulty Rogue Special Mode None Game No. 109 Rogue 109 Adventurer 0 Explorer 0 Win Type - Total 0 Types 0/0/0/0/0/0/0/0/0/0 Lore% 16 Gallery% 26 Achievement% 20 Wizard Run 0 Options --------- Layout 1 ASCII 0 Keyboard 0 Movement Mouse Keybinds 0 Fullscreen 1 Font 24/Terminus Map View 50x35 Zoom Use 0% Tactical HUD 1 Map Filters NONE Filters NONE Steam 1 RUN: d841632c-1f26-4240-9977-ab8e3a3e25f4